 Dungeon Crawl Stone Soup version 0.26.1-11-gd32895ea62 (webtiles) character file.

Game seed: 9847886960141810314

49 Zeld the Ducker (level 3, -1/26 HPs)
             Began as an Octopode Monk on May 11, 2021.
             Slain by a worm (9 damage)
             ... on level 2 of the Dungeon.
             The game lasted 00:01:37 (2286 turns).

Zeld the Ducker (Octopode Monk)                     Turns: 2286, Time: 00:01:38

Health: -1/26      AC:  1    Str: 11    XL:     3   Next: 77%
Magic:  4/4        EV: 14    Int: 12    God:
Gold:   109        SH:  0    Dex: 14    Spells: 4/4 levels left

rFire    . . .     SeeInvis .   a - +0 hand axe
rCold    . . .     Faith    .   (no shield)
rNeg     . . .     Spirit   .   (helmet restricted)
rPois    .         Reflect  .   (no amulet)
rElec    .         Harm     .   (no ring)
rCorr    .         Rampage  .   (no ring)
Will     .....                  (no ring)
Stlth    +++.......             (no ring)
HPRegen  0.08/turn              (no ring)
MPRegen  0.09/turn              (no ring)
                                (no ring)
                                (no ring)

@: no status effects
A: almost no armour, stealthy swim, amphibious, 8 rings, constrict 8, camouflage
1, gelatinous body 1
a: no special abilities


You were on level 2 of the Dungeon.
You visited 1 branch of the dungeon, and saw 2 of its levels.

You collected 109 gold pieces.

Inventory:

Hand Weapons
 a - a +0 hand axe (weapon)
Missiles
 j - 14 poisoned darts (quivered)
Jewellery
 f - an uncursed ring of protection from cold {unknown}
Scrolls
 c - 2 scrolls of teleportation {unknown}
 e - 4 scrolls of identify {unknown}
 g - a scroll of blinking {unknown}
 h - a scroll of remove curse {unknown}
 i - a scroll of random uselessness {unknown}
 k - a scroll of magic mapping {unknown}
 m - a scroll of fog {unknown}
Potions
 b - a potion of curing {unknown}
 d - 2 potions of berserk rage {unknown}
 l - a potion of degeneration {unknown}
 n - a potion of heal wounds {unknown}


   Skills:
 - Level 3.4 Fighting
 - Level 3.3 Axes
 * Level 1.0 Throwing
 - Level 3.4 Dodging
 - Level 2.6 Stealth
 * Level 1.0 Spellcasting


You had 4 spell levels left.
You didn't know any spells.
Your spell library was empty.

Dungeon Overview and Level Annotations

Branches:
Dungeon (2/15)

Altars:
Vehumet
Wu Jian


Innate Abilities, Weirdness & Mutations

You cannot wear most types of armour.
You are very stealthy in the water. (Stealth+)
You are amphibious.
You can wear up to eight rings at the same time.
You can use your tentacles to constrict eight enemies at once.
Your skin changes colour to match your surroundings (Stealth+).
Your rubbery body absorbs attacks. (AC +1, EV +1)


Message History

A worm is nearby!
There is an open door here.
The helpless worm fails to defend itself.
You hit the worm but do no damage. You grab the worm. You squeeze the worm.
The worm is lightly wounded.
You constrict the worm. The worm misses you.
You release your grip on the worm.
The worm bites you!
You hit the worm. You grab the worm. You squeeze the worm, but do no damage.
The worm is heavily wounded.
You constrict the worm. You hit the worm.
The worm is heavily wounded.
You constrict the worm. The worm bites you!
You are too injured to fight recklessly!
A worm is nearby!
A worm is nearby!
You hit the worm.
The worm is almost dead.
You constrict the worm. The worm bites you!
You die...

##### ### ########## #...#
..###........###w..#
....'........+.'@.>#
#..##........#.#...#
##.##........#.#...#
#..#........#.#...#
##.#..[.....#.############
#.#.)......#.# #........
#...†........# #........
##.###.#####.# #........
####.###.# #.# #........


You could see a worm.

Vanquished Creatures
  An adder (D:2)
  A dart slug (D:1)
  2 leopard geckos (D:2)
  3 goblins
  4 hobgoblins
  8 jackals
  3 kobolds (D:1)
  A quokka (D:2)
  6 bats
  2 frilled lizards (D:1)
  3 rats (D:1)
34 creatures vanquished.

Notes
Turn   | Place    | Note
-------+----------+-------------------------------------------
     0 | D:1      | Zeld the Octopode Monk began the quest for the Orb.
     0 | D:1      | Reached XP level 1. HP: 16/16 MP: 1/1
   390 | D:1      | Reached XP level 2. HP: 21/21 MP: 2/2
  1290 | D:1      | Reached XP level 3. HP: 26/26 MP: 3/3
  1939 | D:2      | Found an ornate altar of the Wu Jian Council.
  2050 | D:2      | Reached skill level 1 in Throwing
  2171 | D:2      | Reached skill level 1 in Spellcasting
  2211 | D:2      | Found a radiant altar of Vehumet.
  2286 | D:2      | Slain by a worm

Illustrated notes

Levels and vault maps discovered:
D:1:      tarquinn_simple_flora_water_f, layout_loops_corners, corner_web_ring,
          minivault_5
D:2:      layout_basic, fiery_altar_vehumet, lemuel_round_altar,
          kennysheep_generic_room_7

Skill      XL: |  1  2  3 |
---------------+----------+-----
Throwing       | 1 |  1.0
Spellcasting   | 1 |  1.0
Fighting       | |  3.4
Axes           | |  3.3
Dodging        | |  3.4
Stealth        | |  2.6

Action                   || total
-------------------------++-------
Melee: Hand axe          ||    73
       Constrict         ||    19
       Tentacles         ||    12
 Stab: Sleeping          ||    11
Armor: Skin              ||     8
Dodge: Dodged            ||    48
